 Dungeon Crawl Stone Soup version 0.20-a0-1124-g2e29d97 (webtiles) character file.

112 Naow the Firebug (level 4, -2/27 HPs)
             Began as an Octopode Fire Elementalist on May 16, 2017.
             Slain by Grinder (8 damage)
             ... on level 3 of the Dungeon.
             The game lasted 00:03:49 (3041 turns).

Naow the Firebug (Octopode Fire Elementalist)       Turns: 3041, Time: 00:03:50

Health: -2/27      AC:  1    Str: 11    XL:     4   Next: 95%
Magic:  0/8        EV: 13    Int: 18    God:
Gold:   160        SH:  0    Dex: 12    Spells: 3/9 levels left

rFire    + . .     SeeInvis .   g - +0 dagger
rCold    x . .     Gourm    +   (no shield)
rNeg     . . .     Faith    .   k - +0 hat
rPois    .         Spirit   .   x - amulet of the gourmand
rElec    .         Reflect  .   w - +4 ring of strength
rCorr    .         Harm     .   u - ring of fire
MR       .....                  (no ring)
Stlth    +++.......             (no ring)
Regen    0.1/turn               (no ring)
MPRegen  0.2/turn               (no ring)
                                (no ring)
                                (no ring)

@: no status effects
A: almost no armour, stealthy swim, amphibious, 8 rings, constrict 8, camouflage
1, gelatinous body 1
a: no special abilities


You were on level 3 of the Dungeon.
You were not hungry.

You visited 1 branch of the dungeon, and saw 3 of its levels.

You collected 160 gold pieces.

Inventory:

Hand Weapons
 g - a +0 dagger (weapon)
Armour
 k - a +0 hat (worn)
Jewellery
 u - a ring of fire (right tentacle)
 w - a +4 ring of strength (left tentacle)
 x - an amulet of the gourmand (around mantle)
Wands
 l - a wand of flame (22/48)
Scrolls
 c - 2 scrolls of immolation {unknown}
 h - 9 scrolls of identify {unknown}
 j - 4 scrolls of remove curse {unknown}
 m - a scroll of enchant weapon {unknown}
 n - a scroll of magic mapping {unknown}
 r - a scroll of recharging {unknown}
 s - a scroll of teleportation {unknown}
 t - 2 scrolls of amnesia {unknown}
 v - a scroll of fear {unknown}
 y - a scroll of enchant armour {unknown}
Potions
 d - 2 potions of brilliance {unknown}
 e - a potion of resistance {unknown}
 f - a potion of might {unknown}
 i - 2 potions of flight {unknown}
 o - a potion of curing {unknown}
 p - 2 potions of invisibility {unknown}
 q - a potion of mutation {unknown}
 z - a potion of degeneration {unknown}
Books
 a - a book of Flames

   Spells                             Type                      Level
   a - Flame Tongue                   Conjuration/Fire             1
   b - Throw Flame                    Conjuration/Fire             2
   c - Conjure Flame                  Conjuration/Fire             3
   d - Inner Flame                    Hexes/Fire                   3
   e - Sticky Flame                   Conjuration/Fire             4
   f - Fireball                       Conjuration/Fire             5
Comestibles
 b - 4 bread rations


   Skills:
 - Level 2.0 Dodging
 - Level 2.6 Stealth
 + Level 3.0 Spellcasting
 + Level 2.6 Conjurations
 + Level 4.0 Fire Magic


You had 3 spell levels left.
You knew the following spells:

 Your Spells              Type           Power        Failure   Level  Hunger
a - Flame Tongue          Conj/Fire      ###..        4%          1    None
b - Throw Flame           Conj/Fire      ###...       6%          2    ##.....
c - Conjure Flame         Conj/Fire      ###.....     12%         3    ###....


Dungeon Overview and Level Annotations

Branches:
Dungeon (3/15)

Altars:

Annotations:
D:3 Grinder; Terence; darksquall's ghost, amateur MfSk


Innate Abilities, Weirdness & Mutations

You cannot wear most types of armour.
You are very stealthy in the water. (Stealth+)
You are amphibious.
You can wear up to eight rings at the same time.
You can use your tentacles to constrict eight enemies at once.
Your skin changes colour to match your surroundings (Stealth+).
Your rubbery body absorbs attacks. (AC +1, EV +1)


Message History

You constrict Grinder, but do no damage.
Grinder hits you.
You hit Grinder but do no damage. You squeeze Grinder, but do no damage.
Grinder is heavily wounded.
You constrict Grinder, but do no damage.
Grinder hits you!
You writhe in agony.
* * * LOW HITPOINT WARNING * * *
Casting: Throw Flame
Confirm with . or Enter, or press ? or * to list all spells.
Aiming: Flame Tongue
Press: ? - help, Shift-Dir - straight line, f/p - Grinder
Aim: Grinder (heavily wounded, constricted by you)
You feel a surge of power!
The flame tongue hits Grinder.
Grinder is severely wounded.
You constrict Grinder. Grinder hits you but does no damage.
You are too injured to fight recklessly!
You hit Grinder but do no damage.
Grinder is severely wounded.
You constrict Grinder. Grinder hits you!
You die...

###### ##############
#.....##.....#[.....####
........................
.....[..........≈≈≈≈.≈≈≈
........5.......≈≈≈≈.≈≈≈
.......@........≈≈≈≈.≈≈≈
..!....†........≈≈≈≈.≈≈≈
............(...≈≈≈≈....
......................≈≈
..............#.≈≈≈≈≈.≈≈
#.....#.....>##.≈≈≈≈≈.≈≈
#######...#####.≈≈≈≈≈.≈≈
#.#.# #.≈≈≈≈≈.≈≈ ..#.#
#.........


You could see Grinder.

Vanquished Creatures
  Jessica (D:2)
  2 adders
  2 oozes (D:1)
  2 worms
  A dart slug (D:1)
  A ball python (D:3)
  12 bats
  3 giant cockroaches
  6 goblins
  5 hobgoblins
  2 jackals (D:1)
  7 frilled lizards
  5 kobolds
  3 rats
52 creatures vanquished.

Vanquished Creatures (others)
  4 toadstools (D:1)
4 creatures vanquished.

Grand Total: 56 creatures vanquished

Notes
Turn   | Place    | Note
-------+----------+-------------------------------------------
     0 | D:1      | Naow the Octopode Fire Elementalist began the quest for the Orb.
     0 | D:1      | Reached XP level 1. HP: 11/11 MP: 3/3
   140 | D:1      | Reached XP level 2. HP: 17/17 MP: 1/5
   917 | D:1      | Reached XP level 3. HP: 21/21 MP: 4/6
   921 | D:1      | Learned a level 2 spell: Throw Flame
   925 | D:1      | Learned a level 3 spell: Conjure Flame
  1352 | D:2      | Noticed Jessica
  1362 | D:2      | Killed Jessica
  1631 | D:2      | Reached XP level 4. HP: 27/27 MP: 2/8
  2714 | D:3      | Noticed darksquall's ghost (amateur MfSk)
  2715 | D:3      | Noticed Terence
  2890 | D:3      | Reached skill level 4 in Fire Magic
  3030 | D:3      | Noticed Grinder
  3034 | D:3      | Paralysed by Grinder for 3 turns
  3041 | D:3      | Slain by Grinder

Vault maps used:
D:1:      ldierk_water_garden, serial_park_tiny_1
D:2:      uniq_jessica
D:3:      minivault_14, uniq_terence, uniq_grinder, uniq_crazy_yiuf_cottage

Skill      XL: |  1  2  3  4 |
---------------+-------------+-----
Conjurations   | 2 |  2.6
Fire Magic     | 4 |  4.0
Spellcasting   | 3 |  3.0
Dodging        | |  2.0
Stealth        | |  2.6

Action                   |  1- 3 |  4- 6 || total
-------------------------+-------+-------++-------
Melee: Unarmed           |     3 |       ||     3
       Constrict         |     4 |     2 ||     6
       Dagger            |    13 |     7 ||    20
       Tentacles         |     1 |     1 ||     2
 Cast: Flame Tongue      |    27 |    38 ||    65
       Throw Flame       |     5 |    12 ||    17
  Eat: Chunk             |     1 |    10 ||    11
Armor: Skin              |       |     5 ||     5
Dodge: Dodged            |    13 |    11 ||    24
